 Dungeon Crawl Stone Soup version 0.30-a0-304-gdc4b735fe1 (webtiles) character file.

Game seed: 14995031918048643111

2 ryw the Trooper (level 1, -2/18 HPs)
             Began as a Demonspawn Monk on Oct 21, 2022.
             Slain by a kobold
             ... wielding a +0 whip
              (5 damage)
             ... on level 1 of the Dungeon.
             The game lasted 00:00:07 (24 turns).

ryw the Trooper (Demonspawn Monk)                     Turns: 24, Time: 00:00:08

Health: -2/18      AC:  2    Str: 11    XL:     1   Next: 25%
Magic:  1/1        EV: 12    Int: 11    God:
Gold:   0          SH:  0    Dex: 15    Spells: 0/0 levels left

rFire   . . .      SeeInvis .      - Unarmed
rCold   . . .      Faith    .    (no shield)
rNeg    . . .      Spirit   .    a - +0 robe
rPois   .          Reflect  .    (no helmet)
rElec   .          Harm     .    (no cloak)
rCorr   .          Rampage  .    (no gloves)
Will    .....                    (no boots)
Stlth   ++........               (no amulet)
HPRegen 0.23/turn                (no ring)
MPRegen 0.07/turn                (no ring)

@: no status effects
A: no striking features
a: no special abilities


You were on level 1 of the Dungeon.
You visited 1 branch of the dungeon, and saw 1 of its levels.

Inventory:

Armour
 a - a +0 robe (worn)
Potions
 b - a potion of ambrosia


   Skills:
 + Level 3.1 Fighting
 - Level 2.6 Dodging
 - Level 1.7 Stealth
 - Level 2.6 Unarmed Combat


You couldn't memorise any spells.
You didn't know any spells.
Your spell library was empty.

Dungeon Overview and Level Annotations

Branches:
Dungeon (1/15)

Altars:


Message History

Welcome, ryw the Demonspawn Monk.
The heart of this dungeon contains the legendary artefact, the Orb of Zot.
Press ? for a list of commands and other information.
Found two stairs.
A kobold and a goblin come into view.
The kobold shouts!
You hear a shout!
The goblin shouts!
The goblin hits you but does no damage.
You barely miss the goblin. The goblin closely misses you.
You closely miss the goblin. You hit the goblin but do no damage.
The goblin hits you with a +0 dagger.
A kobold comes into view. It is wielding a +0 whip.
You hit the goblin.
You kill the goblin!
You hit the kobold but do no damage. The kobold hits you with a +0 club.
You hit the kobold but do no damage. The kobold barely misses you.
You closely miss the kobold. The kobold hits you with a +0 club.
You barely miss the kobold. The kobold hits you with a +0 club.
You are too injured to fight recklessly!
You are too injured to fight recklessly!
You are too injured to fight recklessly!
You are too injured to fight recklessly!
You closely miss the kobold. The kobold hits you with a +0 club.
* * * LOW HITPOINT WARNING * * *
You miss the kobold. The kobold barely misses you.
You hit the kobold.
You kill the kobold!
You closely miss the kobold. You punch the kobold.
The kobold is moderately wounded.
The kobold closely misses you.
You barely miss the kobold.
The kobold is moderately wounded.
The kobold hits you with a +0 whip.
* * * LOW HITPOINT WARNING * * *
You closely miss the kobold.
The kobold is moderately wounded.
The kobold hits you with a +0 whip.
You die...

≈≈~≈≈≈~≈≈.≈≈≈≈≈#
≈≈≈~~~≈≈≈.≈≈≈≈≈#
≈≈≈≈≈≈≈≈≈.≈≈≈≈≈#
≈≈8≈≈≈≈≈.≈≈8≈≈≈#
≈≈≈≈≈≈≈.≈≈≈≈≈≈##
#≈≈≈≈≈≈.≈≈≈≈≈##
##≈≈≈≈≈≈.≈≈≈##
########.########.
#..@K......
##########.


You could see a kobold.

Vanquished Creatures
  A goblin (D:1)
  A kobold (D:1)
2 creatures vanquished.

Notes
Turn   | Place    | Note
-------+----------+-------------------------------------------
     0 | D:1      | ryw the Demonspawn Monk began the quest for the Orb.
     0 | D:1      | Reached XP level 1. HP: 18/18 MP: 1/1
    24 | D:1      | Slain by a kobold

Illustrated notes

Levels and vault maps discovered:
D:1:      nzn_arrival_water_spiral, layout_basic, serial_shops, shop,
          shapermc_ecumenical_altar_ellora, serial_bayou_crossing

Action                   || total
-------------------------++-------
Melee: Unarmed           ||    14
       Punch             ||     1
Armor: Robe              ||     1
Dodge: Dodged            ||     4

Table legend: (Time is in decaauts)
 A = Elapsed time spent in this place.
 B = Non-inter-level travel time spent in this place.
 C = Inter-level travel time spent in this place.
 D = Time resting spent in this place.
 E = Time spent auto-exploring this place.
 F = Levels seen in this place.
 G = Mean time per level.
                   A        B        C        D        E       F      G
               +--------+--------+--------+--------+--------+-----+--------+
         Total |     23 |     23 |      0 |      0 |      8 |   1 |   23.0 |
       Dungeon |     23 |     23 |      0 |      0 |      8 |   1 |   23.0 |
               +--------+--------+--------+--------+--------+-----+--------+

Top non-repeatable levels by time:
     D:1: 23 daAuts
